 Dungeon Crawl Stone Soup version 0.29-a0-1008-g949cc1d0fb (webtiles) character file.

Game seed: 13875268149619524336

67 siradein the Shield-Bearer (level 4, -6/32 (37) HPs)
             Began as a Formicid Fighter on Aug 8, 2022.
             Killed by divine providence
             ... invoked by an orc priest
              (9 damage)
             ... on level 2 of the Dungeon.
             The game lasted 00:02:56 (2386 turns).

siradein the Shield-Bearer (Formicid Fighter)       Turns: 2386, Time: 00:02:57

HP:   -6/32 (37)    AC: 12    Str: 23    XL:     4   Next: 38%
MP:   0/4           EV:  6    Int:  7    God:
Gold: 80            SH:  5    Dex: 13    Spells: 3/3 levels left

rFire   . . .      SeeInvis +   a - +0 trident
rCold   + . .      Faith    .   c - +0 buckler
rNeg    . . .      Spirit   +   n - +0 plate armour
rPois   .          Reflect  .   (helmet unavailable)
rElec   .          Harm     .   (no cloak)
rCorr   .          Rampage  .   (no gloves)
Will    .....                   p - +0 pair of boots
Stlth   ..........              h - amulet of guardian spirit
HPRegen 0.10/turn               e - ring of protection from cold
MPRegen 0.09/turn               (no ring)

@: mighty, heavily drained
A: permanent stasis, dig shafts and tunnels, antennae 3, four strong arms
a: Dig, Shaft Self


You were on level 2 of the Dungeon.
You visited 1 branch of the dungeon, and saw 3 of its levels.

You collected 80 gold pieces.

Inventory:

Hand Weapons
 a - a +0 trident (weapon)
Missiles
 i - 3 curare-tipped darts
Armour
 c - a +0 buckler (worn)
 n - a +0 plate armour (worn)
 p - a +0 pair of boots (worn)
Jewellery
 e - a ring of protection from cold (left hand)
 h - an amulet of guardian spirit (around neck)
Scrolls
 b - 6 scrolls of identify {unknown}
 f - a scroll of immolation {unknown}
 k - a scroll of butterflies {unknown}
 l - 2 scrolls of teleportation {unknown}
 m - a scroll of vulnerability {unknown}
 q - a scroll of fear {unknown}
Potions
 g - a potion of flight {unknown}
 j - a potion of curing {unknown}
 o - a potion of haste {unknown}


   Skills:
 + Level 3.9 Fighting
 + Level 2.7 Polearms
 + Level 3.9 Armour
 + Level 4.7 Shields


You had 3 spell levels left.
You didn't know any spells.
Your spell library contained the following spells:

 Spells                   Type           Power      Damage    Failure   Level
 Beastly Appendage        Tmut           0%         N/A       100%        1
 Wereblood                Tmut           0%         N/A       100%        2
 Spider Form              Tmut/Pois      0%         N/A       100%        3


Dungeon Overview and Level Annotations

Branches:
Dungeon (3/15)

Altars:


Innate Abilities, Weirdness & Mutations

You cannot be hasted, slowed, berserked, paralysed or teleported.
You can dig through walls and to a lower floor.
You have a pair of large antennae on your head. (SInv)
Your four strong arms can wield two-handed weapons with a shield.


Message History

The orc hits you from afar with a +0 trident.
There is a stone staircase leading up here.
The orc priest mumbles some strange prayers to Beogh against you.
You barely resist.
The orc hits you from afar with a +0 trident!
The orc hits you but does no damage. The orc barely misses you.
The orc priest invokes the aid of Beogh against you.
Pain shoots through your body!
You climb upwards.
There is a stone staircase leading down, spattered with blood here.
You barely miss the orc priest. You block the orc priest's attack.
The orc priest barely misses you.
Unknown command.
You hit the orc priest but do no damage.
You block the orc priest's attack.
The orc priest miscasts a cantrip.
You completely miss the orc priest.
The orc priest mumbles some strange prayers to Beogh against you.
Beogh smites you!
* * * LOW HITPOINT WARNING * * *
The orc priest hits you but does no damage.
You closely miss the orc priest. The orc priest hits you with a +0 club.
* * * LOW HITPOINT WARNING * * *
The orc priest hits you with a +0 club.
* * * LOW HITPOINT WARNING * * *
The orc priest hits you but does no damage.
You block the orc priest's attack.
You feel very mighty all of a sudden. You block the orc priest's attack.
The orc priest barely misses you.
You puncture the orc priest!
The orc priest is almost dead.
The orc priest hits you but does no damage.
The orc priest hits you with a +0 club.
* * * LOW HITPOINT WARNING * * *
You barely miss the orc priest.
The orc priest is almost dead.
The orc priest mumbles some strange prayers to Beogh against you.
Beogh smites you!
You die...

#......(.....#.#
#.#########).#.#
#.# #..)....####
#.# #.###......#
#.# #.# ##.....#
#.# #.# #.....#
#.# #.# ##'####
##.# #.#####)o#
...# #......o@#
..## ##########
..# ..# ..# .(#
..# ..# ..#


You could see 2 orc priests.

Vanquished Creatures
  2 adders (D:2)
  A worm (D:2)
  2 dart slugs
  An orc (D:2)
  4 bats
  4 endoplasms
  A giant cockroach (D:1)
  4 goblins
  3 hobgoblins
  3 jackals (D:2)
  4 kobolds
  A quokka (D:1)
  2 ball pythons (D:2)
  3 frilled lizards
  2 rats
37 creatures vanquished.

Notes
Turn   | Place    | Note
-------+----------+-------------------------------------------
     0 | D:1      | siradein the Formicid Fighter began the quest for the Orb.
     0 | D:1      | Reached XP level 1. HP: 18/18 MP: 1/1
   239 | D:1      | Reached XP level 2. HP: 22/24 MP: 2/2
   753 | D:1      | Found a faded altar of an unknown god.
  1091 | D:2      | Reached XP level 3. HP: 29/29 MP: 3/3
  1776 | D:2      | Reached XP level 4. HP: 29/37 MP: 2/4
  2386 | D:2      | Killed from afar by an orc priest

Illustrated notes

Levels and vault maps discovered:
D:1:      psy_arrival_dodecagon, layout_basic,
          shapermc_ecumenical_altar_notcrosses, minmay_tetromino_i2
D:2:      layout_basic, grunt_ministairs_1
D:3:      layout_loops_ring, mainiacjoe_overflow_alcove_4

Action                   |  1- 3 |  4- 6 || total
-------------------------+-------+-------++-------
Melee: Trident           |    97 |    31 ||   128
  Use: Potion            |       |     1 ||     1
Armor: Scale mail        |     9 |       ||     9
       Plate armour      |    32 |    26 ||    58
Dodge: Dodged            |    22 |    16 ||    38
Block: Buckler           |    18 |    10 ||    28

Table legend: (Time is in decaauts)
 A = Elapsed time spent in this place.
 B = Non-inter-level travel time spent in this place.
 C = Inter-level travel time spent in this place.
 D = Time resting spent in this place.
 E = Time spent auto-exploring this place.
 F = Levels seen in this place.
 G = Mean time per level.
                   A        B        C        D        E       F      G
               +--------+--------+--------+--------+--------+-----+--------+
         Total |   2417 |   2272 |    145 |      0 |   1953 |   3 |  805.7 |
       Dungeon |   2417 |   2272 |    145 |      0 |   1953 |   3 |  805.7 |
               +--------+--------+--------+--------+--------+-----+--------+

Top non-repeatable levels by time:
     D:2: 1320 daAuts
     D:1: 1043 daAuts
     D:3: 53 daAuts
